 Dungeon Crawl Stone Soup version 0.30-a0-118-ga018f8e90f (webtiles) character file.

Game seed: 4863129993885116

3782 MisterAzrael the Blocker (level 10, -1/80 HPs)
             Began as a Formicid Fighter on Sept 13, 2022.
             Was an Initiate of Yredelemnul.
             Slain by a killer bee (5 damage)
             ... on level 9 of the Dungeon.
             The game lasted 00:11:03 (10028 turns).

MisterAzrael the Blocker (Formicid Fighter)        Turns: 10028, Time: 00:11:04

Health: -1/80      AC: 13    Str: 32    XL:     10   Next: 38%
Magic:  10/10      EV:  9    Int:  7    God:    Yredelemnul [......]
Gold:   211        SH: 11    Dex: 13    Spells: 9/9 levels left

rFire   + . .      SeeInvis +    m - +0 great mace (protect)
rCold   + . .      Faith    .    s - +0 kite shield {reflect}
rNeg    . . .      Spirit   .    b - +0 scale mail
rPois   +          Reflect  +    (helmet unavailable)
rElec   +          Harm     .    (no cloak)
rCorr   +          Rampage  .    p - +1 pair of gloves
Will    +....                    (no boots)
Stlth   ..........               (no amulet)
HPRegen 0.23/turn                W - +4 ring of protection
MPRegen 0.12/turn                Q - +6 ring of strength

@: resistant, attractive
A: permanent stasis, dig shafts and tunnels, antennae 3, four strong arms
a: Dig, Shaft Self, Renounce Religion, Recall Undead Harvest


You were on level 9 of the Dungeon.
You worshipped Yredelemnul.
Yredelemnul was noncommittal.
You visited 2 branches of the dungeon, and saw 10 of its levels.

You collected 386 gold pieces.
You spent 175 gold pieces at shops.

Inventory:

Hand Weapons
 a - a +0 war axe
 m - a +0 great mace of protection (weapon)
 y - a +1 hand axe of electrocution
 F - a +2 dire flail of holy wrath
 J - a +0 great sword
 K - a +0 flail of protection
Missiles
 l - 3 javelins
 n - 18 poisoned darts
 o - 6 boomerangs (quivered)
Armour
 b - a +0 scale mail (worn)
 c - a +0 buckler
 p - a +1 pair of gloves (worn)
 s - a +0 kite shield of reflection (worn)
 L - a +0 cloak
Jewellery
 f - a ring of willpower
 r - a ring of magical power
 t - a ring of magical power
 u - a ring of resist corrosion
 v - a +6 ring of intelligence
 w - a ring of wizardry
 H - a ring of protection from fire
 Q - a +6 ring of strength (right hand)
 R - a ring of protection from cold
 T - a +4 ring of evasion
 W - a +4 ring of protection (left hand)
Wands
 D - a wand of roots (5)
 E - a wand of polymorph (4)
 V - a wand of digging (2)
Scrolls
 d - 2 scrolls of immolation
 g - a scroll of poison {unknown}
 j - 2 scrolls of fear {unknown}
 k - 7 scrolls of noise
 B - 3 scrolls of teleportation
 C - a scroll of magic mapping {unknown}
 G - 2 scrolls of enchant weapon {unknown}
 I - 4 scrolls of identify
 N - a scroll of torment {unknown}
 P - 2 scrolls of enchant armour {unknown}
 S - a scroll of brand weapon {unknown}
Potions
 i - 2 potions of flight
 M - a potion of brilliance
 U - a potion of degeneration {unknown}


   Skills:
 + Level 7.9 Fighting
 - Level 6.3(7.8) Axes
 * Level 6.9(8.1) Maces & Flails
 + Level 6.2 Throwing
 - Level 3.2 Armour
 + Level 8.8 Shields


You had 9 spell levels left.
You didn't know any spells.
Your spell library contained the following spells:

 Spells                   Type           Power      Damage    Failure   Level
 Beastly Appendage        Tmut           0%         N/A       87%         1
 Wereblood                Tmut           0%         N/A       95%         2
 Spider Form              Tmut/Pois      0%         N/A       99%         3


Dungeon Overview and Level Annotations

Branches:
Dungeon (9/15)             Temple (1/1) D:7
   Lair: D:8-11         Orc: D:9-12

Altars:
Ashenzari
Dithmenos
Elyvilon
Fedhas
Gozag
Hepliaklqana
Kikubaaqudgha
Okawaru
Qazlal
Ru
Sif Muna
Trog
Uskayaw
Vehumet
Xom
Yredelemnul
The Shining One

Shops:
D:6 *


Innate Abilities, Weirdness & Mutations

You cannot be hasted, slowed, berserked, paralysed or teleported.
You can dig through walls and to a lower floor.
You have a pair of large antennae on your head. (SInv)
Your four strong arms can wield two-handed weapons with a shield.


Message History

Your howler monkey zombie barely misses the killer bee.
It was a potion of invisibility.
You fade into invisibility!
You feel sick.
The killer bee stings your howler monkey zombie!
The killer bee barely misses your howler monkey zombie.
Your howler monkey zombie completely misses the killer bee.
It was a potion of cancellation.
Your magical effects are unravelling.
You feel magically purged.
You flicker back into view.
You feel a little less clever now.
You feel sick.
The killer bee stings your howler monkey zombie!
Your howler monkey zombie is destroyed!
Your howler monkey zombie hits the killer bee.
The killer bee dies!
You feel sick.
Your howler monkey zombie completely misses the killer bee.
You feel sick. The killer bee closely misses you.
Your howler monkey zombie hits the killer bee but does no damage.
It was a potion of haste.
Your stasis prevents you from being hasted.
You feel sick. The killer bee barely misses you. The killer bee misses you.
The killer bee stings you but does no damage.
Your howler monkey zombie misses the killer bee.
It was a potion of attraction.
You feel attractive to monsters.
You feel sick.
You are no longer poisoned.
You block the killer bee's attack. x2; The killer bee barely misses you.
The killer bee stings you but does no damage.
The killer bee completely misses you. x2
Your howler monkey zombie misses the killer bee.
It was a potion of resistance.
You feel protected. You block the killer bee's attack.
The killer bee misses you.
The killer bee stings you but does no damage.
You block the killer bee's attack. x2; The killer bee stings you.
You die...
Your body rises from the dead as a mindless zombie.

.. { ... #..###
#...#.# .....
####### #...
#..<..#
##.#...##.cy..#
..........y@..#
##..##.##Zy...#
#. #.....# ..
####### ###


You could see a centaur, 3 killer bees and a friendly howler monkey zombie.

Vanquished Creatures
  Grinder (D:5)
  A wyvern (D:5)
  A steam dragon (D:8)
  Edmund (D:5)
  An orc warrior (D:8)
  An ice beast (D:5)
  2 sky beasts
  An ogre (D:6)
  2 phantoms
  A kobold brigand (D:7)
  4 bullfrogs
  3 scorpions
  3 necrophages
  3 wights (D:5)
  A killer bee (D:9)
  2 jellies (D:5)
  6 howler monkeys
  3 hounds
  3 orc priests (D:7)
  A gnoll bouda (D:7)
  2 iguanas (D:6)
  4 orc wizards
  Robin (D:2)
  9 gnolls
  11 adders
  A shadow imp (D:5)
  A worm (D:2)
  6 dart slugs
  15 orcs
  5 endoplasms
  2 giant cockroaches (D:4)
  5 hobgoblins
  8 jackals
  16 kobolds
  4 quokkas (D:1)
  9 ball pythons
  A bat (D:3)
  3 frilled lizards
  13 goblins
  7 rats
164 creatures vanquished.

Vanquished Creatures (collateral kills)
  A two-headed ogre (D:8)
  A necrophage (D:8)
  A killer bee (D:9)
  An orc priest (D:8)
  3 orcs (D:8)
7 creatures vanquished.

Vanquished Creatures (others)
  A bullfrog zombie (D:7)
  An orc wizard (D:8)
  A sky beast zombie (D:7)
  2 howler monkey zombies
  3 gnoll zombies
  8 orc zombies
  2 fungi (D:9)
  2 plants (D:9)
20 creatures vanquished.

Grand Total: 191 creatures vanquished

Notes
Turn   | Place    | Note
-------+----------+-------------------------------------------
     0 | D:1      | MisterAzrael the Formicid Fighter began the quest for the
                  | Orb.
     0 | D:1      | Reached XP level 1. HP: 18/18 MP: 1/1
   119 | D:1      | Reached XP level 2. HP: 5/24 MP: 2/2
   827 | D:1      | Reached XP level 3. HP: 19/30 MP: 3/3
  1741 | D:2      | Reached XP level 4. HP: 36/37 MP: 4/4
  1776 | D:2      | Noticed Robin
  1786 | D:2      | Reached skill level 1 in Throwing
  1793 | D:2      | Killed Robin
  2336 | D:2      | Found a faded altar of an unknown god.
  2583 | D:2      | Reached XP level 5. HP: 41/42 MP: 5/5
  3266 | D:3      | Found a white marble altar of Elyvilon.
  3903 | D:4      | Reached XP level 6. HP: 40/49 MP: 6/6
  4602 | D:5      | Entered Level 5 of the Dungeon
  4652 | D:5      | Found a stormy altar of Qazlal.
  4652 | D:5      | Noticed a fire elemental
  4910 | D:5      | Noticed an air elemental
  4911 | D:5      | Noticed a water elemental
  4947 | D:5      | Reached skill level 5 in Axes
  4947 | D:5      | Reached XP level 7. HP: 55/55 MP: 7/7
  4977 | D:5      | Reached skill level 5 in Shields
  5027 | D:5      | Reached skill level 5 in Fighting
  5052 | D:5      | Noticed a wyvern
  5061 | D:5      | Killed a wyvern
  5355 | D:5      | Reached XP level 8. HP: 62/62 MP: 8/8
  5524 | D:5      | Noticed Edmund
  5548 | D:5      | Killed Edmund
  5549 | D:5      | Reached skill level 6 in Shields
  6275 | D:5      | Reached skill level 1 in Maces & Flails
  6791 | D:5      | Noticed Grinder
  6807 | D:5      | Killed Grinder
  6808 | D:5      | Reached XP level 9. HP: 57/69 MP: 9/9
  6819 | D:5      | Identified a scroll of acquirement
  6819 | D:5      | Acquired a +0 great mace of protection
  7196 | D:6      | Reached skill level 7 in Shields
  7696 | D:6      | Found Russoro's Assorted Antiques.
  7709 | D:6      | Bought a knobbly bone ring for 175 gold pieces
  7906 | D:6      | Reached skill level 5 in Throwing
  8056 | D:7      | Found a staircase to the Ecumenical Temple.
  8073 | Temple   | Entered the Ecumenical Temple
  8290 | Temple   | Became a worshipper of Yredelemnul the Dark
  8340 | D:7      | Reached * piety under Yredelemnul
  8575 | D:7      | Found an ancient bone altar of Kikubaaqudgha.
  8727 | D:7      | Reached skill level 5 in Maces & Flails
  8746 | D:7      | Reached ** piety under Yredelemnul
  9604 | D:8      | Reached skill level 8 in Shields
  9608 | D:8      | HP: 3/72 [orc priest/divine providence (10)]
  9615 | D:8      | Reached XP level 10. HP: 63/79 MP: 10/10
  9725 | D:8      | Identified the +0 chain mail of the Valley of Death {Harm
                  | rElec Will- Str+5}
  9801 | D:8      | Noticed a two-headed ogre
  9810 | D:8      | Killed a two-headed ogre
  9812 | D:8      | HP: 4/80 [gnoll/+0 spear[a gnoll bouda] (2)]
 10026 | D:9      | HP: 4/80 [poisoned by a killer bee]
 10028 | D:9      | Slain by a killer bee

Illustrated notes

Levels and vault maps discovered:
D:1:      sevenhm_arrival_forest_fort_large_2, layout_loops_ring
D:2:      layout_loops_cross, basic_ecumenical_altar, uniq_robin
D:3:      layout_basic, pf_just_have_faith, grunt_decor_mini_mirrors,
          kennysheep_generic_room_4
D:4:      layout_rooms
D:5:      layout_gridville, nicolae_qazlal_style_of_elements,
          lemuel_flamethrower_2, uniq_edmund, uniq_grinder
D:6:      layout_loops_cross, serial_co_window_serial,
          co_window_of_opportunity_a, co_window_paths_b, co_window_corner_a,
          co_window_corner_a, co_window_paths_a, co_window_of_opportunity_b,
          co_window_unsneaky_path_c, co_window_of_opportunity_b,
          co_window_unsneaky_path_b, co_window_unsneaky_path_c,
          co_window_2corner, co_window_broadway_c, co_window_4corner_b,
          glass_columns_a, glass_columns_c, nicolae_stop_n_shop_1
D:7:      layout_basic, mainiacjoe_overflow_alcove_1,
          minmay_temple_entry_overgrown, serial_corexii_hall,
          corexii_hall_statues_deadend, corexii_hall_statues_l,
          chequers_hall_statues_wall_a, david_defended_altar_orc
D:8:      gammafunk_cloud_chamber, layout_rooms, mainiacjoe_overflow_alcove_2,
          lemuel_tele_altar, erik_lair_dragon
D:9:      layout_loops_cross, mainiacjoe_overflow_24_doors, zin_angel,
          mainiacjoe_overflow_surrounded_room, gammafunk_ghost_nasty_kobolds
Temple:   dpeg_chambers_temple

Skill      XL: |  1  2  3  4  5  6  7  8  9 10 |
---------------+-------------------------------+-----
Axes           | 3 4 5 6 |  6.3
Fighting       | 4 5 6 7 |  7.9
Throwing       | 1 2 3 4 5 6 |  6.2
Shields        | 5 6 8 |  8.8
Maces & Flails | 3 5 6 |  6.9
Armour         | |  3.2

Action                   |  1- 3 |  4- 6 |  7- 9 | 10-12 || total
-------------------------+-------+-------+-------+-------++-------
Melee: War axe           |    91 |   168 |       |       ||   259
       Hand axe          |       |    11 |    66 |       ||    77
       Dire flail        |       |       |    57 |       ||    57
       Great mace        |       |       |   174 |    47 ||   221
Throw: Boomerang         |       |     5 |       |       ||     5
  Use: Potion            |       |     1 |     2 |     7 ||    10
       Scroll            |       |       |     6 |       ||     6
 Stab: Distracted        |       |       |     1 |       ||     1
Armor: Scale mail        |    44 |    75 |   147 |    33 ||   299
Dodge: Dodged            |    51 |    60 |   116 |    35 ||   262
Block: Buckler           |    31 |    22 |       |       ||    53
       Kite shield       |       |    61 |   203 |    50 ||   314
       Reflection        |       |       |     4 |       ||     4

Table legend: (Time is in decaauts)
 A = Elapsed time spent in this place.
 B = Non-inter-level travel time spent in this place.
 C = Inter-level travel time spent in this place.
 D = Time resting spent in this place.
 E = Time spent auto-exploring this place.
 F = Levels seen in this place.
 G = Mean time per level.
                   A        B        C        D        E       F      G
               +--------+--------+--------+--------+--------+-----+--------+
         Total |  10255 |   9963 |    292 |   2601 |   5363 |  10 | 1025.5 |
       Dungeon |  10021 |   9729 |    292 |   2601 |   5171 |   9 | 1113.4 |
        Temple |    233 |    233 |      0 |      0 |    192 |   1 |  233.0 |
               +--------+--------+--------+--------+--------+-----+--------+

Top non-repeatable levels by time:
     D:5: 2375 daAuts
     D:1: 1576 daAuts
     D:6: 1340 daAuts
     D:2: 1229 daAuts
     D:7: 1120 daAuts
     D:3: 956 daAuts
     D:4: 941 daAuts
     D:8: 305 daAuts
  Temple: 233 daAuts
     D:9: 176 daAuts
